 Dungeon Crawl Stone Soup version 0.29.1-4-g47bece8355 (webtiles) character file.

Game seed: 13839080852286609301

5 styxcanada the Sneak (level 1, 0/10 HPs)
             Began as a Spriggan Brigand on Dec 4, 2022.
             Slain by a ball python (2 damage)
             ... on level 1 of the Dungeon.
             The game lasted 00:01:14 (119 turns).

styxcanada the Sneak (Spriggan Brigand)              Turns: 119, Time: 00:01:15

Health: 0/10       AC:  3    Str:  7    XL:     1   Next: 66%
Magic:  2/2        EV: 16    Int: 12    God:
Gold:   0          SH:  0    Dex: 16    Spells: 0/0 levels left

rFire   . . .      SeeInvis +   a - +2 dagger
rCold   . . .      Faith    .   (no shield)
rNeg    . . .      Spirit   .   b - +0 robe
rPois   .          Reflect  .   (helmet restricted)
rElec   .          Harm     .   c - +0 cloak
rCorr   .          Rampage  .   (gloves unavailable)
Will    .....                   (boots unavailable)
Stlth   +++.......              (no amulet)
HPRegen 0.03/turn               (no ring)
MPRegen 0.08/turn               (no ring)

@: very quick
A: very small, no large weapons, unfitting armour, see invisible, speed 3
a: no special abilities


You were on level 1 of the Dungeon.
You visited 1 branch of the dungeon, and saw 1 of its levels.

Inventory:

Hand Weapons
 a - a +2 dagger (weapon)
Missiles
 d - 9 poisoned darts (quivered)
 e - 3 curare-tipped darts
Armour
 b - a +0 robe (worn)
 c - a +0 cloak (worn)
Scrolls
 f - a scroll of noise {unknown}
Potions
 g - a potion of brilliance {unknown}


   Skills:
 * Level 1.5 Fighting
 + Level 2.2 Short Blades
 + Level 2.0 Throwing
 * Level 1.7 Dodging
 * Level 6.1 Stealth


You couldn't memorise any spells.
You didn't know any spells.
Your spell library was empty.

Dungeon Overview and Level Annotations

Branches:
Dungeon (1/15)

Altars:

Shops:
D:1 =(


Innate Abilities, Weirdness & Mutations

You are very small and have problems with some larger weapons.
You are too small for most types of armour.
You have supernaturally acute eyesight. (SInv)
You cover ground extremely quickly. (Speed+++)


Message History

You kill the rat!
d - 6 poisoned darts (gained 1)
You see here a rat corpse.
d - 7 poisoned darts (gained 1)
A bat comes into view.
You see here 2 poisoned darts.
The helpless bat fails to defend itself.
You impale the bat!!
You kill the bat!
d - 9 poisoned darts (gained 2)
There is an entrance to Luej's Jewellery Boutique here.
A ball python comes into view.
The ball python hisses angrily.
You hit the ball python.
You kill the ball python!
Found a clear potion.
You see here a ball python corpse.
A quokka comes into view.
A ball python comes into view.
Found a scroll labelled CITZOD KOTH.
The ball python hisses angrily.
You hear a shout!
Found 5 stones.
You hit the quokka.
The quokka is heavily wounded.
The quokka bites you.
You closely miss the quokka.
The quokka is heavily wounded.
The ball python misses you. x2; The quokka closely misses you.
You closely miss the quokka.
The quokka is heavily wounded.
The ball python completely misses you. The ball python grabs you.
The ball python constricts you. The quokka bites you.
You barely miss the quokka.
The quokka is heavily wounded.
The ball python bites you. The ball python constricts you.
The quokka twitches its whiskers.
The quokka bites you.
* * * LOW HITPOINT WARNING * * *
You escape the ball python's grasp.
The ball python bites you.
You die...

#................
.......
#.#####..####...#
......... #......# ##.#
(........ #....#.# #.#
.......# ####.#.# #..
.......####+#.##.#.#
#.. #.....!.....##.#.#
#..
#....S......##.#.####..
#?...r@........#......#
#..........############
#...........†..........
#...........####..#####
+...........# ##......
#...........# #.∩.##.
###########.# #...##.
#.# #.#.##. .## #...#..


You could see a quokka and a ball python.

Vanquished Creatures
  An endoplasm (D:1)
  A kobold (D:1)
  A ball python (D:1)
  A bat (D:1)
  A frilled lizard (D:1)
  A rat (D:1)
6 creatures vanquished.

Notes
Turn   | Place    | Note
-------+----------+-------------------------------------------
     0 | D:1      | styxcanada the Spriggan Brigand began the quest for the
                  | Orb.
     0 | D:1      | Reached XP level 1. HP: 10/10 MP: 2/2
    37 | D:1      | Found Saxiab's Weapon Boutique.
    49 | D:1      | Reached skill level 6 in Stealth
    63 | D:1      | Found Luej's Jewellery Boutique.
   119 | D:1      | Slain by a ball python

Illustrated notes

Levels and vault maps discovered:
D:1:      minmay_arrival_stair_chambers, layout_basic, serial_shops, shop, shop,
          nicolae_shop_stone, shop_fountains, nicolae_square_shop,
          lexackson_kobold_supper

Skill      XL: |  1 |
---------------+----+-----
Stealth        | 6 |  6.1
Fighting       | |  1.5
Short Blades   | |  2.2
Throwing       | |  2.0
Dodging        | |  1.7

Action                   || total
-------------------------++-------
Melee: Dagger            ||    10
Throw: Dart              ||     4
 Stab: Sleeping          ||     3
Dodge: Dodged            ||     4
